[Event "The 2007 Second Annual ACCA President's Tournament"]
[Site "chessclub.com"]
[Date "2007.07.21"]
[Round "1"]
[White "Buzz"]
[Black "DeltomateX"]
[Result "1-0"]
[WhiteElo "2829"]
[BlackElo "2378"]
[TimeControl "1680+1"]
[Annotator "19. -0.80"]

1. e4 e6 2. d4 d5 3. Nc3 Bb4 4. e5 c5 5. a3 Bxc3+ 6. bxc3 Ne7 7. a4 Qc7 8.
Nf3 b6 9. Bb5+ Bd7 10. Bd3 Nbc6 11. O-O h6 12. Re1 O-O 13. Ba3 Na5 14. dxc5
bxc5 15. Nd2 Bxa4 16. Bxc5 Qxc5 17. Rxa4 Qxc3 18. Re3 Qc7 19.
Qh5 {-0.80/10} f5 20. exf6 {-0.66/10} Rxf6 21. Rf3 {-0.65/10} Rxf3 22.
Nxf3 {-0.69/10} Nac6 23. Rg4 {-0.51/11} Kf8 24. Bh7 {+0.00/11} Rb8 25.
g3 {+0.13/11} e5 26. Nxe5 {+0.65/13} Qxe5 27. Rf4+ {+0.80/13} Qxf4 28.
gxf4 {+0.80/12} Nd4 29. c3 {+1.02/13} Nb5 30. Qe5 {+1.12/13} Rb6 31.
Bd3 {+1.08/13} Nd6 32. f5 {+1.05/12} Ne8 33. c4 {+1.04/12} dxc4 34.
Bxc4 {+1.30/12} Rc6 35. Bb5 {+1.45/13} Rc1+ 36. Kg2 {+1.44/13} Nf6 37.
Ba6 {+1.51/13} Nd7 38. Qd4 {+2.06/12} Nf6 39. Qxa7 {+2.18/12} Nxf5 40.
Qb8+ {+2.42/11} Kf7 41. Qb4 {+2.39/11} h5 42. Bc4+ {+3.26/11} Kg6 43.
Bd3 {+3.22/12} Rd1 44. Qb5 {+3.29/13} Rxd3 45. Qxd3 {+3.29/13} Ne8 46.
h4 {+3.37/14} Nd6 47. Kf3 {+3.54/13} Nb5 48. Kf4 {+4.82/13} Nd6 49.
Qd5 {+5.08/13} Kf6 50. Qe5+ {+5.35/14} Kg6 51. Qe6+ {+5.48/16} Kh7 52.
f3 {+5.48/15} Kh8 53. Kg5 {+5.48/15} Nh6 54. Kxh5 {+5.47/15} Nhf7 55.
Kg6 {+6.68/17} Kg8 56. f4 {+6.82/16} Kf8 57. Qd5 {+6.84/15} Nh8+ 58.
Kh7 {+6.93/15} Nhf7 59. Qc5 {+7.22/14} g6 60. Kxg6 {+8.27/13} Kg8 61.
Qd4 {+229.76/14} Nh8+ 62. Kf6 {+230.75/14} Ne8+ 63. Ke7 {+319.85/13} Ng7
64. Qe4 {+319.87/16} Ne8 65. Qg2+ {+319.89/64} Kh7 66. Kxe8 {+319.91/64}
Ng6 67. Kf7 {+319.93/64} Nh8+ 68. Kf6 {+319.95/64} Kh6 69.
Qg5+ {+319.97/64} Kh7 70. Qg7# {+319.99/64}
{DeltomateX checkmated} 1-0

[Event "The 2007 Second Annual ACCA President's Tournament"]
[Site "chessclub.com"]
[Date "2007.07.21"]
[Round "2"]
[White "Weid"]
[Black "Buzz"]
[Result "1-0"]
[WhiteElo "2587"]
[BlackElo "2829"]
[TimeControl "1680+1"]
[Annotator "8... -0.43"]

1. e4 d6 2. d4 Nf6 3. Nc3 g6 4. f4 Bg7 5. Nf3 O-O 6. Bd3 Bg4 7. O-O c6 8.
Be3 Nfd7 {-0.43/10} 9. Ne2 Qb6 {-0.19/11} 10. Qd2 Qxb2 {-0.02/11} 11. Rab1
Qa3 {-0.40/12} 12. Rxb7 Qxa2 {+0.22/11} 13. e5 f6 {+0.44/10} 14. Nc3
Qf7 {+0.50/10} 15. Qe1 a5 {+0.55/10} 16. Bd2 fxe5 {+0.74/10} 17. Ng5
Qe8 {+0.70/11} 18. dxe5 Nc5 {+0.75/11} 19. exd6 Nxb7 {+2.03/11} 20. dxe7
Bd4+ {+0.20/12} 21. Be3 Bxe3+ {+0.00/12} 22. Qxe3 Rf6 {-0.12/12} 23. Nce4
Qxe7 {-1.09/12} 24. Nxf6+ Qxf6 {-1.09/12} 25. f5 gxf5 {-0.56/10} 26. Qe8+
Kg7 {-4.39/11} 27. Re1 Nd8 {-8.16/11} 28. Re7+ Qxe7 {-10.50/11} 29. Qxe7+
Kg6 {-10.50/11} 30. h3 Be2 {-10.45/10} 31. Qxh7+ Kf6 {-319.82/12} 32. Qxf5+
Ke7 {-319.84/12} 33. Qe5+ Ne6 {-319.86/12} 34. Qxe6+ Kd8 {-319.88/17} 35.
Qf7 Bg4 {-319.90/64} 36. hxg4 Nd7 {-319.92/64} 37. Ne6+ Kc8 {-319.94/64}
38. Qe8+ Kb7 {-319.96/64} 39. Qxd7+ Kb6 {-319.98/64} 40. Qc7#
{Buzz checkmated} 1-0

[Event "The 2007 Second Annual ACCA President's Tournament"]
[Site "chessclub.com"]
[Date "2007.07.21"]
[Round "3"]
[White "Buzz"]
[Black "danasah"]
[Result "0-1"]
[WhiteElo "2829"]
[BlackElo "2340"]
[TimeControl "1680+1"]
[Annotator "16. -0.05"]

1. d4 Nf6 2. c4 e6 3. Nf3 b6 4. g3 Ba6 5. Nbd2 Bb4 6. Qb3 c5 7. a3 Bxd2+ 8.
Bxd2 Nc6 9. Bg2 cxd4 10. Qa4 Qc8 11. O-O O-O 12. b4 Bb7 13. b5 Ne7 14. Nxd4
Bxg2 15. Kxg2 e5 16. Nc2 {-0.05/11} d5 17. cxd5 {+0.01/10} Nexd5 18.
f3 {-0.12/10} e4 19. Qb3 {-0.02/10} Re8 20. Ne3 {-0.18/10} exf3+ 21.
Rxf3 {-0.45/11} Qd7 22. a4 {-0.21/10} Rad8 23. Ra2 {-0.18/10} Re5 24.
Rc2 {-0.54/10} Rh5 25. h4 {-0.13/10} Re8 26. Nxd5 {-0.01/10} Rxd5 27.
Bg5 {-0.04/10} Ne4 28. Be7 {-0.78/11} h6 29. Bb4 {-1.00/12} Nf6 30.
Bc3 {-0.38/10} Ng4 31. Bb2 {-0.72/10} Rd1 32. e4 {+0.00/10} Rd2+ 33.
Kg1 {+0.00/11} Rd1+ 34. Kg2 {+0.00/19} h5 35. Qc3 {-0.03/10} f6 36.
Re2 {-0.01/10} Rc8 37. Qb4 {-1.18/10} Rc5 38. e5 {-0.85/10} fxe5 39.
Qb3+ {-0.96/10} Qd5 40. Qxd5+ {-1.02/11} Rdxd5 41. Rc3 {-1.18/12} Rxc3 42.
Bxc3 {-1.08/15} Kf7 43. Ra2 {-1.05/12} Ke6 44. Bd2 {-1.04/12} Rd3 45.
Be1 {-1.13/12} Ne3+ 46. Kg1 {-1.17/12} e4 47. Kh2 {-1.21/12} Nf5 48.
Kg2 {-1.38/12} e3 49. Kf3 {-1.57/12} Kd5 50. Kf4 {-2.58/13} Nd4 51.
Rb2 {-2.58/11} e2 52. Kg5 {-3.11/13} Rd1 53. Bb4 {-4.30/12} Rg1 54.
Kf4 {-3.74/12} Ra1 55. Kg5 {-3.80/12} Rxa4 56. Bd2 {-4.46/12} Ra3 57.
Kxh5 {-4.59/12} Rxg3 58. Rb4 {-5.55/12} g6+ 59. Kh6 {-5.95/12} Nf3 60.
Bc3 {-5.66/12} Nxh4 61. Bd2 {-5.75/11} Nf5+ 62. Kh7 {-5.78/11} Nd4 63.
Be1 {-5.85/11} Rh3+ 64. Kg8 {-5.92/12} g5 65. Bf2 {-5.93/11} Rf3 66.
Rxd4+ {-8.54/13} Ke5 67. Rd7 {-11.87/13} Rxf2 68. Re7+ {-11.87/11} Kd6 69.
Re3 {-14.28/12} g4 70. Rd3+ {-17.08/11} Kc5 71. Re3 {-27.46/11} g3 72.
Rc3+ {-27.46/9} Kb4 73. Rc1 {-319.84/10} Rf1 74. Rc6 {-319.88/10} e1=Q 75.
Rg6 {-319.90/22} Qe8+ 76. Kh7 {-319.90/19} Qe7+ 77. Rg7 {-319.92/64} Qe4+
78. Rg6 {-319.94/64} Rf7+ 79. Kh8 {-319.96/64} Qh4+ 80. Kg8 {-319.98/64}
Qh7#
{Buzz checkmated} 0-1

[Event "The 2007 Second Annual ACCA President's Tournament"]
[Site "chessclub.com"]
[Date "2007.07.21"]
[Round "4"]
[White "parrotC"]
[Black "Buzz"]
[Result "1/2-1/2"]
[WhiteElo "2336"]
[BlackElo "2829"]
[TimeControl "1680+1"]
[Annotator "7... +0.05"]

1. d4 d5 2. c4 e6 3. Nf3 c5 4. cxd5 exd5 5. Bg5 f6 6. Bf4 Nc6 7. dxc5
Bxc5 {+0.05/11} 8. Nc3 g5 {+0.17/11} 9. Bd2 g4 {+0.26/10} 10. Na4
Bd6 {+0.16/11} 11. Nh4 Nge7 {+0.17/10} 12. Rc1 Be6 {+0.05/10} 13. Nc5
Bxc5 {+0.23/11} 14. Rxc5 a6 {+0.06/10} 15. Qb3 Qd6 {+0.08/10} 16. Rc1
b5 {+0.16/10} 17. Qd1 h5 {+0.40/10} 18. g3 Qe5 {+0.21/10} 19. b3
O-O {+0.07/10} 20. Bg2 Rfc8 {-0.01/11} 21. O-O Nd4 {-0.22/11} 22. e3
Rxc1 {-0.39/13} 23. Bxc1 Ndc6 {-0.45/12} 24. Qe2 Qd6 {-0.38/10} 25. Bb2
Ne5 {-0.54/11} 26. f4 Nd7 {-0.80/10} 27. Rc1 Bf7 {-0.82/11} 28. Qd3
Re8 {-0.76/11} 29. Rc2 Nc5 {-0.74/11} 30. Qd4 Nd7 {-0.74/11} 31. Qd2
b4 {-0.72/10} 32. Bf1 a5 {-0.66/10} 33. Qc1 Nb8 {-0.60/10} 34. Bb5
Rf8 {-0.60/11} 35. Rc7 Be8 {-0.56/12} 36. Bd3 Nbc6 {-0.58/11} 37. Rb7
Bd7 {-0.63/11} 38. Rb5 f5 {-0.57/11} 39. Rc5 Qe6 {-0.48/10} 40. Qd2
Ra8 {-0.44/11} 41. Bb5 Kf7 {-0.44/10} 42. Bf1 a4 {-0.34/11} 43. Bg2
axb3 {-0.63/11} 44. axb3 Qd6 {-0.76/11} 45. Bxd5+ Be6 {-0.75/11} 46. Bxe6+
Qxe6 {-0.78/11} 47. Qc1 Ra5 {-0.55/10} 48. Rc4 Rd5 {-0.44/11} 49. Bd4
Nxd4 {-0.18/12} 50. exd4 Qd6 {-0.54/11} 51. Qa1 Nc6 {+0.00/11} 52. Kf2
Na5 {+0.01/11} 53. Rc2 Qb6 {+0.19/10} 54. Rd2 Nc6 {+0.52/10} 55. Ke3
Ke6 {+0.44/10} 56. Qd1 Kf6 {+0.50/10} 57. h3 Qa7 {+0.50/11} 58. Qc2
Nxd4 {+0.71/11} 59. Qb2 Qe7+ {+0.70/11} 60. Kf2 Qc5 {+0.71/11} 61. hxg4
fxg4 {+0.82/10} 62. Rd3 Kf7 {+1.70/11} 63. Kg2 Nf5 {+1.68/11} 64. Qb1
Nxh4+ {+1.88/11} 65. gxh4 Qe7 {+1.85/11} 66. Rxd5 Qe2+ {+1.80/12} 67. Kg1
Qe3+ {+1.80/11} 68. Kg2 Qf3+ {+1.80/11} 69. Kg1 Qg3+ {+1.78/12} 70. Kf1
Qxf4+ {+1.78/11} 71. Kg2 Qf3+ {+1.79/11} 72. Kg1 Qxd5 {+1.79/11} 73. Qh7+
Ke8 {+1.78/11} 74. Qh8+ Kd7 {+1.77/11} 75. Qg7+ Kc6 {+1.77/11} 76. Qh6+
Kb5 {+1.77/11} 77. Qg5 Qc5+ {+1.76/11} 78. Kg2 Kc6 {+1.76/10} 79. Qg6+
Kc7 {+1.74/11} 80. Qh7+ Kb6 {+1.75/11} 81. Qd3 Qc6+ {+1.73/10} 82. Kh2
Qc7+ {+1.73/10} 83. Kg2 Qb7+ {+1.73/11} 84. Kg3 Qf7 {+1.73/10} 85. Qe3+
Kc6 {+1.76/10} 86. Qe4+ Qd5 {+1.76/10} 87. Qe8+ Kc5 {+1.77/10} 88. Qe3+
Kd6 {+1.76/10} 89. Qd2 Ke6 {+1.77/10} 90. Qh6+ Ke7 {+1.77/10} 91. Qh7+
Kd8 {+1.77/11} 92. Qh8+ Kc7 {+1.77/11} 93. Qh7+ Kb8 {+1.77/11} 94. Qh8+
Kb7 {+1.77/11} 95. Qh7+ Kc6 {+1.77/11} 96. Qc2+ Kd7 {+1.77/11} 97. Qh7+
Kc8 {+1.77/11} 98. Qh8+ Kb7 {+0.00/13} 99. Qh7+ Kb6 {+1.76/11} 100. Qh6+
Kb5 {+1.75/11} 101. Qe3 Qd6+ {+1.73/11} 102. Kg2 Qc6+ {+1.73/11} 103. Kh2
Qc2+ {+1.75/11} 104. Kh1 Qc5 {+1.75/11} 105. Qg5 Kc6 {+1.74/11} 106. Qg6+
Kd7 {+1.74/11} 107. Qh7+ Kd6 {+1.73/12} 108. Qh6+ Kc7 {+1.72/12} 109. Qh7+
Kb6 {+1.74/12} 110. Qd3 Kc6 {+0.00/12} 111. Qg6+ Kb7 {+1.62/12} 112. Qh7+
Ka6 {+1.37/12} 113. Qd3+ Qb5 {+1.67/12} 114. Qd6+ Kb7 {+1.67/11} 115. Qe7+
Kb6 {+0.52/11} 116. Qd8+ Kc5 {+1.44/11} 117. Qg5+ Kb6 {+0.00/11} 118. Qd8+
Ka7 {+0.35/11} 119. Qd4+ Kb7 {+0.16/11} 120. Qg7+ Kb6 {+0.00/12} 121. Qd4+
Kc7 {+0.00/13} 122. Kh2 g3+ {+0.00/10} 123. Kxg3 Kc6 {+0.00/10} 124. Kf4
Qb8+ {+0.00/9} 125. Kf3 Qb5 {+0.00/10} 126. Ke3 Qa5 {-0.05/10} 127. Ke4
Qb5 {-1.18/10} 128. Qf6+ Kb7 {-1.20/10} 129. Qe7+ Ka8 {-1.23/10} 130. Qd8+
Ka7 {-1.29/11} 131. Kd4 Qa6 {-1.29/10} 132. Qe7+ Ka8 {-1.40/11} 133. Qxb4
Qf6+ {-1.29/9} 134. Kd5 Qf5+ {-1.25/10} 135. Kc6 Qf6+ {-1.30/10} 136. Kb5
Qa6+ {-1.30/11} 137. Kc5 Qc8+ {-1.30/10} 138. Kd4 Qg4+ {-1.32/10} 139. Kc3
Qf3+ {-1.32/10} 140. Kc4 Qf1+ {-0.01/11} 141. Kc5 Qf5+ {+0.00/12} 142. Kb6
Qe6+ {+0.00/11} 143. Kc7 Qf7+ {-0.05/11} 144. Kd8 Qd5+ {-0.02/11} 145. Ke8
Qe6+ {-0.02/10} 146. Qe7 Qg8+ {-1.21/10} 147. Qf8 Qxb3 {-1.23/10} 148. Kd7+
Kb7 {-1.21/10} 149. Qc8+ Ka7 {-1.25/10} 150. Qc5+ Ka6 {-1.25/10} 151. Qd6+
Kb7 {-0.01/9} 152. Qc6+ Ka7 {-0.02/10} 153. Qc7+ Ka6 {-0.02/10} 154. Qc6+
Ka7 {+0.00/12} 155. Qf6 Qc4 {+0.00/9} 156. Qg5 Qg4+ {-0.02/9} 157. Kc7
Ka6 {-0.01/10} 158. Qc5 Qg7+ {+0.00/10} 159. Kc6 Qg6+ {+0.00/10} 160. Kc7
Qg7+ {+0.00/12} 161. Kc6 Qg6+ {+0.00/11} 162. Kc7 Qg7+ {+0.00/12}
{Game drawn by repetition} 1/2-1/2

[Event "The 2007 Second Annual ACCA President's Tournament"]
[Site "chessclub.com"]
[Date "2007.07.21"]
[Round "5"]
[White "Buzz"]
[Black "Clarabit"]
[Result "1/2-1/2"]
[WhiteElo "2829"]
[BlackElo "2304"]
[TimeControl "1680+1"]
[Annotator "23. +0.32"]

1. e4 e5 2. Nf3 Nf6 3. Nxe5 d6 4. Nf3 Nxe4 5. d4 d5 6. Bd3 Nc6 7. O-O Be7
8. c4 Nb4 9. cxd5 Nxd3 10. Qxd3 Qxd5 11. Re1 Bf5 12. Ne5 f6 13. Nc3 Nxc3
14. Qxf5 Nb5 15. Qh5+ g6 16. Qh3 fxe5 17. Rxe5 Qxd4 18. Qe6 Qd1+ 19. Re1
Qd7 20. Bg5 O-O-O 21. Qxe7 Rde8 22. Qxd7+ Kxd7 23. Rad1+ {+0.32/11} Nd6 24.
Re3 {+0.37/11} Rxe3 25. Bxe3 {+0.27/12} Re8 26. h3 {+0.27/12} b6 27.
g4 {+0.24/12} Re5 28. Rd3 {+0.26/12} Rb5 29. b3 {+0.33/13} Ra5 30.
Rd2 {+0.35/13} Re5 31. Kg2 {+0.29/12} c6 32. Bf4 {+0.37/12} Rd5 33.
f3 {+0.35/12} Rxd2+ 34. Bxd2 {+0.31/12} c5 35. h4 {+0.30/12} c4 36.
h5 {+0.30/12} cxb3 37. axb3 {+0.10/13} a5 38. h6 {+0.59/13} Nb7 39.
f4 {+0.68/13} b5 40. f5 {+0.85/14} gxf5 41. g5 {+0.85/14} Nd6 42.
Bxa5 {+0.80/13} Nf7 43. Bd2 {+0.88/13} Nh8 44. b4 {+0.85/14} Kd6 45.
Kf3 {+0.84/15} Ng6 46. Bf4+ {+0.84/14} Kd5 47. Ke3 {+0.80/15} Kc4 48.
Bd6 {+0.79/15} Kc3 49. Ke2 {+0.79/14} Kd4 50. Kf3 {+0.66/15} Kd3 51.
Bc5 {+0.66/14} Kc4 52. Bd6 {+0.00/15} Kd4 53. Bc7 {+0.65/15} Kc3 54.
Ba5 {+0.65/14} Kb3 55. Kf2 {+0.65/15} f4 56. Kf3 {+0.84/15} Kc4 57.
Ke4 {+0.80/15} Kc3 58. Bc7 {+0.74/14} Kxb4 59. Bxf4 {+0.67/13} Kc4 60.
Ke3 {-1.07/14} b4 61. Bc7 {-1.07/14} Kb3 62. Ba5 {-1.03/14} Ka3 63.
Kd2 {-0.70/15} b3 64. Bc3 {-0.80/15} Ka2 65. Kc1 {-0.91/15} Nf4 66.
Bg7 {-0.91/13} Ne6 67. g6 {+0.00/15} hxg6 68. h7 {+0.00/15} Nxg7 69.
Kd2 {+0.00/14} b2 70. h8=Q {+0.00/14} b1=Q 71. Qa8+ {+0.00/12} Kb2 72.
Qb7+ {+0.00/12} Ka1 73. Qxg7+ {+0.00/12} Qb2+ 74. Qxb2+ {+0.00/28} Kxb2 75.
Ke2 {+0.00/34} g5 76. Kf3 {+0.00/52} g4+ 77. Kxg4 {+0.00/64}
{Game drawn because neither player has mating material} 1/2-1/2

[Event "The 2007 Second Annual ACCA President's Tournament"]
[Site "chessclub.com"]
[Date "2007.07.21"]
[Round "6"]
[White "microMaX"]
[Black "Buzz"]
[Result "0-1"]
[WhiteElo "2000"]
[BlackElo "2829"]
[TimeControl "1680+1"]
[Annotator "2... -0.13"]

1. e3 e5 2. Nc3 Nf6 {-0.13/10} 3. Nf3 e4 {+0.21/12} 4. Nd4 d5 {+0.33/11} 5.
Bb5+ c6 {+0.55/11} 6. Be2 c5 {+0.54/11} 7. Nb3 a6 {+0.56/11} 8. d3
exd3 {+0.45/12} 9. cxd3 d4 {+0.49/12} 10. Ne4 Nxe4 {+0.43/11} 11. dxe4
Nc6 {+0.39/11} 12. O-O Be6 {+0.42/11} 13. exd4 cxd4 {+0.23/10} 14. Qd3
b5 {+0.47/10} 15. Qg3 h5 {+0.53/10} 16. h4 Be7 {+0.50/10} 17. Bg5
Bxg5 {+0.86/12} 18. Qxg5 Qxg5 {+0.79/12} 19. hxg5 Bxb3 {+0.67/13} 20. axb3
Ke7 {+0.52/12} 21. f4 Nb4 {+0.72/12} 22. Rad1 Rad8 {+0.81/13} 23. Bd3
Ke6 {+0.82/12} 24. Rf3 Rd7 {+0.79/11} 25. Rh3 g6 {+0.66/12} 26. Rc1
Rb8 {+0.97/10} 27. f5+ Ke5 {+1.37/12} 28. Rc5+ Kd6 {+1.37/12} 29. Rc1
Nxd3 {+1.22/13} 30. Rxd3 Ke5 {+1.17/12} 31. f6 Kxe4 {+1.62/12} 32. Rf3
Rbd8 {+1.62/11} 33. Re1+ Kd5 {+1.63/12} 34. Ra1 Rd6 {+1.92/12} 35. Rd1
Kc5 {+2.37/12} 36. Rfd3 Rd5 {+2.67/13} 37. Rc1+ Kb4 {+2.67/15} 38. Rcd1
Rxg5 {+2.72/14} 39. Rxd4+ Rxd4 {+2.74/14} 40. Rxd4+ Kxb3 {+2.74/13} 41. Rd6
a5 {+2.82/12} 42. Rd3+ Kxb2 {+3.03/12} 43. Rd2+ Ka3 {+3.43/12} 44. Rd3+
Ka4 {+3.43/12} 45. Rd7 b4 {+4.28/12} 46. Rxf7 Rf5 {+4.44/11} 47. Rb7
Rxf6 {+5.03/11} 48. Re7 b3 {+8.51/11} 49. g4 Rb6 {+12.91/10} 50. Re4+
Rb4 {+14.12/11} 51. Re1 b2 {+225.99/10} 52. gxh5 b1=Q {+227.00/11} 53. Rxb1
Rxb1+ {+235.73/12} 54. Kf2 gxh5 {+235.77/13} 55. Ke3 Rb3+ {+319.81/13} 56.
Ke4 h4 {+319.83/14} 57. Kd4 h3 {+319.85/13} 58. Kc5 h2 {+319.87/12} 59. Kd5
h1=Q+ {+319.89/12} 60. Ke6 Qe4+ {+319.91/14} 61. Kd6 Rd3+ {+319.93/64} 62.
Kc5 Qb7 {+319.97/64} 63. Kc4 Qb5# {+319.99/64}
{microMaX checkmated} 0-1

[Event "The 2007 Second Annual ACCA President's Tournament"]
[Site "chessclub.com"]
[Date "2007.07.21"]
[Round "7"]
[White "DeuteriumChess"]
[Black "Buzz"]
[Result "1-0"]
[WhiteElo "2000"]
[BlackElo "2829"]
[TimeControl "1680+1"]
[Annotator "9... -0.40"]

1. d4 c5 2. dxc5 e6 3. Nc3 Bxc5 4. Ne4 d5 5. Nxc5 Qa5+ 6. c3 Qxc5 7. e4 Ne7
8. Be3 Qc7 9. Qd4 f6 {-0.40/10} 10. O-O-O Nbc6 {-0.07/11} 11. Qa4
Bd7 {-0.20/10} 12. Be2 Ne5 {+0.21/11} 13. Qa3 dxe4 {+0.51/10} 14. Kb1
Nd5 {+0.74/10} 15. Bc5 b6 {+1.14/11} 16. Bd4 Nd3 {+1.05/10} 17. f3
exf3 {+0.90/11} 18. Bxf3 Ne5 {+0.29/11} 19. Bxe5 Qxe5 {+0.08/11} 20. Bxd5
exd5 {-0.10/12} 21. Nf3 Qf5+ {-0.17/11} 22. Ka1 Kf7 {-0.17/10} 23. Qb3
Be6 {-0.74/11} 24. Nd4 Qg4 {-0.74/11} 25. Nxe6 Qxe6 {-1.02/11} 26. Rhe1
Qc6 {-1.39/12} 27. Rxd5 Kf8 {-1.54/11} 28. Qd1 h5 {-3.00/10} 29. Rd7
b5 {-4.10/10} 30. Ree7 Rh7 {-6.81/10} 31. Rxa7 Rb8 {-7.65/11} 32. Qd3
Qc5 {-7.86/11} 33. Qxh7 Qg1+ {-8.52/11} 34. Qb1 Qxg2 {-11.49/11} 35. Rf7+
Kg8 {-8.43/11} 36. Rxf6 Re8 {-9.20/11} 37. Rf5 Qg4 {-8.08/9} 38. Rxb5
h4 {-9.43/10} 39. Rbb7 h3 {-9.69/11} 40. Re7 Rxe7 {-9.44/11} 41. Rxe7
Qf4 {-9.44/9} 42. Qg1 Qf6 {-12.28/10} 43. Qxg7+ Qxg7 {-232.75/14} 44. Rxg7+
Kxg7 {-319.62/19} 45. a4 Kf6 {-319.64/17} 46. a5 Ke5 {-319.74/16} 47. a6
Ke4 {-319.76/14} 48. a7 Kf5 {-319.82/15} 49. c4 Kg5 {-319.84/14} 50. c5
Kf5 {-319.84/13} 51. a8=Q Ke5 {-319.86/13} 52. c6 Kd6 {-319.88/50} 53. Qb7
Kd5 {-319.90/50} 54. c7+ Kd4 {-319.92/49} 55. c8=Q Ke3 {-319.94/48} 56.
Qc5+ Kd3 {-319.96/64} 57. Qc3+ Ke2 {-319.98/64} 58. Qbf3#
{Buzz checkmated} 1-0

[Event "The 2007 Second Annual ACCA President's Tournament"]
[Site "chessclub.com"]
[Date "2007.07.22"]
[Round "8"]
[White "Buzz"]
[Black "JokerX"]
[Result "1/2-1/2"]
[WhiteElo "2829"]
[BlackElo "2118"]
[TimeControl "1680+1"]
[Annotator "37. -0.56"]

1. d4 Nf6 2. c4 e6 3. Nf3 d5 4. Nc3 Bb4 5. Bg5 c6 6. Qd3 {+0.05/10} dxc4 7.
Qxc4 {+0.13/11} Qa5 8. Bxf6 {+0.43/12} gxf6 9. e4 {+0.46/11} Rg8 10.
h4 {+0.37/10} Nd7 11. Qb3 {+0.32/10} Nb6 12. a3 {+0.34/11} Be7 13.
Qd1 {+0.75/10} Qh5 14. g3 {+0.45/11} Bd7 15. Be2 {+0.82/11} Qh6 16.
Qc1 {+0.66/11} Qf8 17. h5 {+1.05/10} O-O-O 18. a4 {+1.16/10} Na8 19.
a5 {+0.99/10} Kb8 20. a6 {+1.11/10} b6 21. Qf4+ {+1.34/9} Nc7 22.
Rc1 {+1.14/10} Rg7 23. b3 {+1.38/9} Qg8 24. h6 {+1.00/11} Rg4 25.
Qe3 {+0.75/11} Bb4 26. Kf1 {+0.85/10} c5 27. dxc5 {+0.62/10} Bxc5 28.
Qd2 {-0.16/11} Bc8 29. Qe1 {-0.42/11} Bb4 30. Ra1 {-0.44/10} Rxe4 31.
Qc1 {-0.72/12} Rg4 32. Nd2 {-0.38/10} Rgd4 33. Nf3 {-0.86/11} Rd3 34.
Ne4 {-0.61/10} Rxb3 35. Qf4 {-0.30/10} Qg6 36. Nxf6 {-0.58/10}
{Game adjourned when JokerX disconnected}
36.. Bd6 37. Ne5 {-0.56/10} Qc2 38.
Re1 {-0.75/9} Bxe5 39. Qxe5 {-1.32/10} Rd2 40. Kg1 {-1.71/10} Rb2 41.
Ne8 {-2.85/11} Bd7 42. Rh4 {-3.24/11} Rb1 43. Rxb1 {-3.62/11} Qxb1+ 44.
Kg2 {-3.64/11} Bxe8 45. Rc4 {-3.67/11} Rd7 46. Qf4 {-3.84/10} f5 47.
Qf3 {-3.99/10} Nd5 48. Qa3 {-3.99/10} f4 49. Qf8 {-4.05/10} Qg6 50.
Qh8 {-4.08/11} fxg3 51. Rg4 {-4.20/11} Qh5 52. Kxg3 {-4.23/10} Nc7 53.
Qf6 {-4.22/10} Qh1 54. Rg7 {-4.07/9} Qg1+ 55. Kh3 {-4.05/10} Qh1+ 56.
Kg3 {+0.00/20} Qg1+ 57. Kh3 {+0.00/16} Qh1+ 58. Kg3 {+0.00/20}
{Game drawn by repetition} 1/2-1/2

[Event "The 2007 Second Annual ACCA President's Tournament"]
[Site "chessclub.com"]
[Date "2007.07.22"]
[Round "9"]
[White "HomerX"]
[Black "Buzz"]
[Result "1-0"]
[WhiteElo "2381"]
[BlackElo "2829"]
[TimeControl "1680+1"]
[Annotator "13... +0.51"]

1. e4 c5 2. Nf3 d6 3. d4 cxd4 4. Nxd4 Nf6 5. Nc3 e6 6. Be2 Nc6 7. O-O Be7
8. Be3 O-O 9. f4 e5 10. Nxc6 bxc6 11. fxe5 dxe5 12. Qxd8 Rxd8 13. Rad1
Rxd1 {+0.51/13} 14. Rxd1 Ng4 {+0.47/14} 15. Bxg4 Bxg4 {+0.47/14} 16. Rd2
Be6 {+0.66/12} 17. Na4 a5 {+0.35/12} 18. b3 f6 {+0.19/12} 19. Kf2
Rb8 {+0.10/12} 20. Nc5 Bc8 {+0.16/12} 21. c4 Kf7 {+0.15/12} 22. Kf3
h5 {+0.31/12} 23. Nd7 Rb7 {+0.33/14} 24. Nc5 Ra7 {+0.29/13} 25. h3
g5 {+0.28/13} 26. g4 h4 {+0.28/13} 27. Rd1 Ke8 {+0.34/13} 28. Kf2
Ra8 {+0.37/14} 29. Rd3 Rb8 {+0.34/14} 30. a3 a4 {+0.53/15} 31. b4
Ra8 {+0.53/16} 32. Ke1 Ra7 {+0.52/14} 33. Kd2 Bxc5 {+0.52/18} 34. Bxc5
Rd7 {+0.52/16} 35. Rxd7 Bxd7 {+0.51/15} 36. Kc3 Bc8 {+0.50/15} 37. b5
cxb5 {+0.47/15} 38. cxb5 Kf7 {+0.47/13} 39. Bb4 Bb7 {+0.45/14} 40. Kd3
Ke8 {+0.36/14} 41. Bc3 Bc8 {+0.39/14} 42. Be1 Be6 {+0.36/14} 43. Ba5
Kf8 {+0.35/13} 44. Bd8 Kf7 {+0.35/14} 45. Bb6 Ke7 {+0.32/14} 46. Bg1
Kf8 {+0.31/13} 47. Kc3 Ke7 {+0.00/14} 48. Kb4 Bc8 {-0.07/14} 49. Kxa4
Bb7 {-0.19/13} 50. Ka5 Bxe4 {-0.19/13} 51. a4 f5 {-0.37/12} 52. gxf5
Bxf5 {-0.58/12} 53. b6 Bc8 {-1.43/12} 54. Kb5 Kd8 {-1.57/11} 55. a5
Bb7 {-3.49/11} 56. a6 Be4 {-3.63/12} 57. b7 Kc7 {-3.59/12} 58. Bb6+
Kb8 {-3.59/12} 59. Bd8 Ka7 {-4.85/12} 60. Be7 Bxb7 {-4.98/13} 61. axb7
Kxb7 {-5.10/15} 62. Bxg5 e4 {-5.13/15} 63. Kc4 Kc6 {-5.18/15} 64. Kd4
e3 {-5.32/15} 65. Ke5 e2 {-5.26/13} 66. Bxh4 Kc7 {-5.40/13} 67. Be1
Kd7 {-233.00/15} 68. Kf5 Ke7 {-233.01/15} 69. Kg6 Ke6 {-233.05/15} 70. h4
Ke5 {-233.09/14} 71. h5 Ke4 {-233.09/12} 72. h6 Kd3 {-319.84/11} 73. h7
Kc4 {-319.86/11} 74. h8=Q Kb5 {-319.88/10} 75. Qb2+ Kc6 {-319.90/10} 76.
Kf6 Kc5 {-319.92/64} 77. Qb7 Kc4 {-319.94/64} 78. Ke6 Kd3 {-319.94/64} 79.
Qb3+ Ke4 {-319.96/64} 80. Bd2 e1=Q {-319.98/64} 81. Qd5#
{Buzz checkmated} 1-0

[Event "The 2007 Second Annual ACCA President's Tournament"]
[Site "chessclub.com"]
[Date "2007.07.22"]
[Round "10"]
[White "Buzz"]
[Black "Neurosis"]
[Result "0-1"]
[WhiteElo "2829"]
[BlackElo "2298"]
[TimeControl "1680+1"]
[Annotator "10. +0.25"]

1. e4 b6 2. d4 Bb7 3. Bd3 Nf6 4. Qe2 Nc6 5. c3 e5 6. Nf3 exd4 7. e5 Nd5 8.
cxd4 Bb4+ 9. Kf1 Be7 10. a3 {+0.25/10} Rc8 11. Bd2 {+0.67/11} Na5 12.
Qd1 {+1.04/11} c5 13. dxc5 {+0.74/12} bxc5 14. Qa4 {+0.78/12} Nc6 15.
Nc3 {+0.85/11} Nxc3 16. Bxc3 {+0.84/10} O-O 17. Rd1 {+0.87/10} g6 18.
Qf4 {+0.70/10} Qb6 19. Be2 {+0.61/11} Rc7 20. Qh6 {+1.28/11} Nd4 21.
Nxd4 {+1.17/12} cxd4 22. Bxd4 {+1.19/11} Bc5 23. Qe3 {+0.95/11} Re8 24.
Bxc5 {+1.18/11} Rxc5 25. f4 {+1.16/10} Rc2 26. Qxb6 {+1.02/12} axb6 27.
Rg1 {+0.73/12} d5 28. Rb1 {+0.87/12} d4 29. b3 {+0.83/11} Bd5 30.
Rd1 {+0.37/12} Rd8 31. Rd3 {-0.30/12} Be4 32. Rd1 {-0.87/13} d3 33.
Bf3 {-0.87/14} Bxf3 34. gxf3 {-0.89/13} Rxh2 35. Rg2 {-0.89/11} Rh1+ 36.
Rg1 {-0.89/13} Rh2 37. Rg2 {+0.00/17} Rh1+ 38. Rg1 {+0.00/18} Rh4 39.
Rg4 {-0.73/13} Rxg4 40. fxg4 {-0.80/12} Rd4 41. f5 {-0.85/12} Rf4+ 42.
Kg2 {-0.81/12} gxf5 43. gxf5 {-0.69/12} Rxf5 44. Rxd3 {-0.80/11} Rxe5 45.
Kf3 {-0.91/11} Kg7 46. Kf4 {-0.89/11} Kf6 47. Rd6+ {-0.72/11} Re6 48.
Rd5 {-0.74/12} h6 49. a4 {-0.76/11} Rc6 50. Ke4 {-0.72/11} Kg6 51.
Rd4 {-0.71/11} Re6+ 52. Kd5 {-0.70/12} h5 53. b4 {-0.72/11} Kg5 54.
Rd2 {-0.75/11} h4 55. Rg2+ {-0.75/11} Kf6 56. Rh2 {-0.71/11} Kg5 57.
Rg2+ {+0.00/12} Kf6 58. Rh2 {+0.00/12} Re5+ 59. Kc6 {-0.74/12} Re4 60.
Kb5 {-0.76/11} Kg5 61. Rg2+ {-0.79/11} Rg4 62. Rh2 {-0.96/12} f5 63.
Rh3 {-1.09/12} Rg3 64. Rh1 {-1.12/12} Rb3 65. Rg1+ {-1.09/11} Kf6 66.
Rg8 {-1.09/11} h3 67. Rf8+ {-1.13/10} Kg5 68. Rh8 {-1.31/11} Kg4 69.
Kc4 {-1.36/10} Rb2 70. Kc3 {-1.51/10} Ra2 71. Kb3 {-1.47/10} Ra1 72.
Rg8+ {-1.39/10} Kf3 73. Rh8 {-1.91/11} Kg2 74. Rg8+ {-3.00/10} Kh1 75.
a5 {-3.29/11} bxa5 76. bxa5 {-3.57/11} h2 77. a6 {-3.57/11} f4 78.
Rg6 {-8.52/11} f3 79. Rf6 {-10.55/10} Kg2 80. Rg6+ {-10.27/9} Kh3 81.
Kc3 {-15.86/8} f2 82. Rh6+ {-14.56/8} Kg4 83. Rg6+ {-21.14/8} Kf5 84.
Rh6 {-234.74/8} f1=Q 85. Rh5+ {-319.84/8} Ke4 86. Rh4+ {-319.88/15} Ke3 87.
Rxh2 {-319.90/33} Rb1 88. Rb2 {-319.92/64} Qf6+ 89. Kb4 {-319.94/64} Rxb2+
90. Kc5 {-319.96/64} Rb6 91. a7 {-319.98/64} Qd4#
{Buzz checkmated} 0-1